 Dungeon Sprint DCSS version 0.24-a0-243-g8f5f5cd (webtiles) character file.

Game seed: 3946778680527437400

4314 MikeHunt the Fighter (level 10, -23/103 HPs)
             Began as a Minotaur Gladiator on Apr 10, 2019.
             Was a High Priest of Okawaru.
             Annihilated by a spriggan berserker
             ... wielding a +0 broad axe
              (31 damage)
             ... in the Dungeon (Sprint IV: "Fedhas' Mad Dash").
             The game lasted 00:10:04 (3198 turns).

MikeHunt the Fighter (Minotaur Gladiator)           Turns: 3198, Time: 00:10:05

Health: -23/103    AC:  3    Str: 19    XL:     10   Next: 11%
Magic:  14/15      EV: 25    Int: 13    God:    Okawaru [*****.]
Gold:   199        SH:  3    Dex: 15    Spells: 9/9 levels left

rFire    . . .     SeeInvis .   a - +0 quarterstaff
rCold    + . .     Gourm    .   (shield currently unavailable)
rNeg     + + .     Faith    .   b - +0 leather armour
rPois    .         Spirit   .   c - +0 hat
rElec    .         Reflect  +   (no cloak)
rCorr    .         Harm     .   (no gloves)
MR       .....     NoTele   +   (no boots)
Stlth    +++.......             k - amulet "Sevieh" {Reflect rN+ MR- Int+3 SH+3}
HPRegen  0.27/turn              g - ring "Keymnurph" {rC+ rN+ Int+5}
MPRegen  0.14/turn              (no ring)

@: heroism
A: retaliatory headbutt, horns 2
a: Heroism, Finesse, Renounce Religion


You were in the Dungeon.
You worshipped Okawaru.
Okawaru was extremely pleased with you.
You were not hungry.

You visited 1 branch You collected 199 gold pieces.

Inventory:

Hand Weapons
 a - a +0 quarterstaff (weapon)
Missiles
 d - 2 throwing nets
 l - 48 stones (quivered)
Armour
 b - a +0 leather armour (worn)
 c - a +0 hat (worn)
Jewellery
 g - the ring "Keymnurph" (left hand) {rC+ rN+ Int+5}
   (You found it in the Dungeon)

   [ring of positive energy]

   It affects your intelligence (+5).
   It protects you from cold.
   It protects you from negative energy.
 k - the amulet "Sevieh" (around neck) {Reflect rN+ MR- Int+3 SH+3}
   (You found it in the Dungeon)

   [amulet of reflection]

   It shields you and reflects attacks.
   It affects your intelligence (+3).
   It protects you from negative energy.
   It affects your resistance to hostile enchantments.
   It affects your SH (+3).
 n - the amulet of invisibility {+Inv}
   (You found it in the Dungeon)

   [amulet of nothing]

   It lets you turn invisible.
Wands
 o - a wand of acid (8)
Scrolls
 j - a scroll of magic mapping {unknown}
 m - a scroll of immolation {unknown}
Potions
 e - a potion of curing
 h - a potion of haste
 i - 2 potions of magic
Comestibles
 f - a ration


   Skills:
 - Level 14.3(19.3) Fighting
 - Level 14.1(19.1) Staves
 - Level 2.0(7.0) Throwing
 - Level 13.4(18.4) Dodging
 - Level 8.1 Invocations
 + Level 7.4 Evocations


You had 9 spell levels left.
You didn't know any spells.
Your spell library contained the following spells:

 Spells                   Type           Power        Failure   Level  Hunger
 Confusing Touch          Hex            #.....       34%         1    ##.....
 Confuse                  Hex            #.......     71%         3    ####...
 Gell's Gravitas          Tloc           #.........   71%         3    ####...
 Petrify                  Tmut/Erth      #.......     98%         4    #####..
 Metabolic Englaciation   Hex/Ice        #.........   100%        5    ######.
 Yara's Violent Unravell  Hex/Tmut       #.........   100%        5    ######.


Dungeon Overview and Level Annotations

Branches:
Dungeon (1/1)

Altars:
Cheibriados
Dithmenos
Elyvilon
Gozag
Hepliaklqana
Kikubaaqudgha
Makhleb
Nemelex Xobeh
Okawaru
Qazlal
Ru
Sif Muna
Trog
Uskayaw
Vehumet
Wu Jian
Xom
Yredelemnul
Zin
The Shining One
Beogh
Jiyva
Lugonu

Shops:
D (:

Annotations:
D exclusion: 2 oklob plants, Agnes


Innate Abilities, Weirdness & Mutations

You reflexively headbutt those who attack you in melee.
You have a pair of horns on your head.


Message History

Agnes closely misses you.
Okay, then.
You hit Agnes.
Agnes is almost dead.
Agnes hits you with a +1 lajatang of speed!!
* * * LOW HITPOINT WARNING * * *
You hit Agnes.
Agnes is almost dead.
Agnes closely misses you. You furiously retaliate!
You headbutt Agnes.
You feel better. Agnes misses you.
The spriggan berserker barely misses you.
You completely miss the spriggan berserker.
Your headbutt misses the spriggan berserker.
Agnes hits you with a +1 lajatang of speed!
* * * LOW HITPOINT WARNING * * *
You sock Agnes!
Agnes is almost dead.
Agnes misses you.
The spriggan berserker hits you with a +0 broad axe!!
You die...

###########################
#.⌠._._._._.⌠.#..)...#....#
'.._._._._._..'..#...#....+
#..._._._._...#..###'##...#
#.._._._._._..#..##∩∩†'...#
#._._._._._.⌠.#############
###################..P.$
#♣♣♣♣♣..♣.###.'..+.....)
......♣..♣##..#i@#.P....
♣..♣♣♣.♣..###.##i# .P.P.
.♣♣.(♣...♣'...#♣i♣ #### #
############... ♣.. ....
♣... #####


You could see Agnes, a spriggan berserker and a spriggan.

Vanquished Creatures
  A spriggan druid (D)
  3 oklob plants (D)
  3 burning bushes (D)
  2 queen bees (D)
  4 hornets (D)
  3 wandering mushrooms (D)
  2 scorpions (D)
  4 killer bees (D)
  5 oklob saplings (D)
  A worker ant (D)
  2 spriggans (D)
  A river rat (D)
  A rat (D)
  A ballistomycete (D)
  A ballistomycete spore (D)
34 creatures vanquished.

Vanquished Creatures (others)
  A ballistomycete (D)
  A bush (D)
  A fungus (D)
3 creatures vanquished.

Grand Total: 37 creatures vanquished

Notes
Turn   | Place    | Note
-------+----------+-------------------------------------------
     0 | D        | MikeHunt the Minotaur Gladiator began the quest for the
                  | Orb.
     0 | D        | Reached XP level 1. HP: 18/18 MP: 0/0
     8 | D        | Reached XP level 2. HP: 25/25 MP: 1/1
    21 | D        | Noticed an oklob sapling
   552 | D        | Killed an oklob sapling
   552 | D        | Reached XP level 3. HP: 30/30 MP: 2/2
   556 | D        | Found the amulet of invisibility {+Inv}
   587 | D        | Found an opulent altar of Gozag.
   587 | D        | Found a hazy altar of Hepliaklqana.
   587 | D        | Found a roughly hewn altar of Beogh.
   587 | D        | Found a snail-covered altar of Cheibriados.
   588 | D        | Found a viscous altar of Jiyva.
   588 | D        | Found a burning altar of Makhleb.
   588 | D        | Found a sparkling altar of Nemelex Xobeh.
   588 | D        | Found a sacrificial altar of Ru.
   588 | D        | Found a deep blue altar of Sif Muna.
   588 | D        | Found a bloodstained altar of Trog.
   588 | D        | Found an ornate altar of the Wu Jian Council.
   588 | D        | Found a shimmering altar of Xom.
   588 | D        | Found a basalt altar of Yredelemnul.
   588 | D        | Noticed an oklob sapling priest
   589 | D        | Found an iron altar of Okawaru.
   589 | D        | Found a glowing silver altar of Zin.
   589 | D        | Found a shadowy altar of Dithmenos.
   590 | D        | Found an ancient bone altar of Kikubaaqudgha.
   590 | D        | Found a hide-covered altar of Uskayaw.
   591 | D        | Found a stormy altar of Qazlal.
   591 | D        | Found a glowing golden altar of the Shining One.
   591 | D        | Found a white marble altar of Elyvilon.
   592 | D        | Found a corrupted altar of Lugonu.
   592 | D        | Found a radiant altar of Vehumet.
   599 | D        | Became a worshipper of Warmaster Okawaru
   600 | D        | Killed an oklob sapling priest
   600 | D        | Reached XP level 4. HP: 23/37 MP: 1/3
   751 | D        | Reached XP level 5. HP: 42/42 MP: 1/4
   804 | D        | Found Ofudoceps's Book Shop.
   804 | D        | Found Lafebass's Antique Weapon Emporium.
   837 | D        | Reached skill level 1 in Invocations
   837 | D        | Reached skill level 1 in Evocations
   892 | D        | Noticed a burning bush
   892 | D        | Noticed a wandering mushroom
  1223 | D        | Killed a wandering mushroom
  1223 | D        | Reached * piety under Okawaru
  1223 | D        | Reached skill level 5 in Invocations
  1223 | D        | Reached XP level 6. HP: 50/50 MP: 3/8
  1225 | D        | Noticed a wandering mushroom
  1495 | D        | Killed a wandering mushroom
  1495 | D        | Reached skill level 5 in Evocations
  1750 | D        | Reached XP level 7. HP: 56/56 MP: 10/10
  1759 | D        | Killed a burning bush
  1895 | D        | Noticed a queen bee
  1911 | D        | Reached ** piety under Okawaru
  1931 | D        | Killed a queen bee
  1931 | D        | Reached XP level 8. HP: 17/71 MP: 10/13
  2190 | D        | Noticed an oklob plant
  2197 | D        | Killed an oklob plant
  2207 | D        | Noticed a burning bush
  2213 | D        | Killed a burning bush
  2213 | D        | Reached *** piety under Okawaru
  2218 | D        | Got a glittering tin ring
  2219 | D        | Identified the ring "Keymnurph" {rC+ rN+ Int+5} (You found
                  | it in the Dungeon)
  2229 | D        | Noticed a burning bush
  2229 | D        | Noticed an oklob plant
  2402 | D        | Noticed a wandering mushroom
  2411 | D        | Killed a burning bush
  2411 | D        | Reached skill level 10 in Fighting
  2411 | D        | Reached XP level 9. HP: 67/85 MP: 10/14
  2711 | D        | Killed an oklob plant
  2711 | D        | Reached skill level 10 in Dodging
  2716 | D        | Killed a wandering mushroom
  2721 | D        | Got a clouded ivory amulet
  2724 | D        | Identified the amulet "Sevieh" {Reflect rN+ MR- Int+3 SH+3}
                  | (You found it in the Dungeon)
  2818 | D        | Noticed a spriggan druid
  2832 | D        | Killed a spriggan druid
  2832 | D        | Reached **** piety under Okawaru
  2849 | D        | Noticed a queen bee
  2862 | D        | Killed a queen bee
  2862 | D        | Reached ***** piety under Okawaru
  2862 | D        | Reached XP level 10. HP: 67/103 MP: 15/15
  3000 | D        | Noticed an oklob plant conjurer
  3009 | D        | Killed an oklob plant conjurer
  3183 | D        | Noticed an oklob plant
  3184 | D        | Noticed an oklob plant summoner
  3187 | D        | Noticed Agnes
  3193 | D        | Noticed a spriggan berserker
  3198 | D        | Annihilated by a spriggan berserker

Levels and vault maps discovered:
D:        dungeon_sprint_fedhas [sprint_temple]

Skill      XL: |  1  2  3  4  5  6  7  8  9 |
---------------+----------------------------+-----
Staves         | 6 8 11 12 14 | 14.1
Invocations    | 5 6 8 |  8.1
Evocations     | 4 5 7 |  7.4
Fighting       | 6 10 14 | 14.3
Dodging        | 6 9 13 | 13.4
Throwing       | |  2.0

Action                   |  1- 3 |  4- 6 |  7- 9 | 10-12 || total
-------------------------+-------+-------+-------+-------++-------
Melee: Quarterstaff      |    12 |    33 |    92 |    16 ||   153
       Headbutt          |     4 |     8 |    32 |     5 ||    49
Throw: Throwing net      |     2 |       |       |       ||     2
       Stone             |       |    33 |     6 |       ||    39
Invok: Heroism           |       |       |     6 |     1 ||     7
 Abil: Evoke Invisibilit |     1 |     4 |     4 |       ||     9
Evoke: Wand              |       |       |       |     4 ||     4
  Use: Potion            |       |     1 |     2 |     1 ||     4
       Scroll            |       |       |     1 |       ||     1
 Stab: Sleeping          |     1 |     1 |     2 |       ||     4
       Invisible         |       |     6 |    10 |       ||    16
  Eat: Ration            |       |     2 |     1 |       ||     3
Armor: Leather armour    |     1 |       |     4 |       ||     5
Dodge: Dodged            |     3 |    13 |    48 |     9 ||    73
Block: Other             |       |       |     1 |     1 ||     2

Table legend:
 A = Non-vault XP
 B = Vault XP
 C = Vault XP percentage of total XP
 D = Non-vault monster count
 E = Vault monster count
 F = Vault count percentage of total count
                 A         B        C        D         E       F
            +---------+---------+-------+---------+---------+-------
      Total |       0 |    6164 | 100.0 |       0 |      32 | 100.0
            +---------+---------+-------+---------+---------+-------
          D |       0 |    6164 | 100.0 |       0 |      32 | 100.0
            +---------+---------+-------+---------+---------+-------
